 Dungeon Crawl Stone Soup version 0.24.0-123-gd5b16e6ec5 (webtiles) character file.

Game seed: 8323051951689070032, levelgen mode: deterministic

363 Elellon the Chopper (level 6, -3/55 HPs)
             Began as a Deep Dwarf Fighter on Jan 14, 2020.
             Slain by an ogre
             ... wielding a +0 giant spiked club
              (9 damage)
             ... on level 4 of the Dungeon.
             The game lasted 00:03:45 (1907 turns).

Elellon the Chopper (Deep Dwarf Fighter)            Turns: 1907, Time: 00:03:46

Health: -3/55      AC:  6    Str: 21    XL:     6   Next: 39%
Magic:  6/6        EV:  7    Int:  9    God:
Gold:   217        SH:  9    Dex: 12    Spells: 5/5 levels left

rFire    . . .     SeeInvis .   a - +0 war axe
rCold    . . .     Gourm    .   c - +0 shield
rNeg     . . .     Faith    .   b - +0 scale mail
rPois    .         Spirit   .   (no helmet)
rElec    .         Reflect  .   r - scarf {cloud immunity}
rCorr    .         Harm     .   (no gloves)
MR       .....                  (no boots)
Stlth    ..........             (no amulet)
HPRegen  0.00/turn              (no ring)
MPRegen  0.10/turn              (no ring)

@: non-regenerating
A: damage resistance, heal wounds, sense surroundings 1, no regeneration
a: Heal Wounds


You were on level 4 of the Dungeon.
You were not hungry.

You visited 1 branch of the dungeon, and saw 4 of its levels.

You collected 217 gold pieces.

Inventory:

Hand Weapons
 a - a +0 war axe (weapon)
 y - a cursed +5 battleaxe
Armour
 b - a +0 scale mail (worn)
 c - a +0 shield (worn)
 r - a scarf of cloud immunity (worn)
 x - a scarf of resistance
Jewellery
 j - an uncursed amulet of regeneration {unknown}
 q - a cursed ring of attention {unknown}
 t - an uncursed amulet of guardian spirit {unknown}
Scrolls
 e - a scroll of noise {unknown}
 g - 5 scrolls of remove curse {unknown}
 i - 2 scrolls of fog {unknown}
 k - a scroll of fear {unknown}
 l - a scroll of identify {unknown}
 m - 3 scrolls of enchant weapon {unknown}
 n - a scroll of immolation {unknown}
 o - 3 scrolls of teleportation {unknown}
 w - a scroll of enchant armour {unknown}
Potions
 d - a potion of might
 h - 2 potions of flight {unknown}
 p - a potion of heal wounds {unknown}
 s - a potion of curing {unknown}
 u - a potion of mutation {unknown}
Comestibles
 f - 4 rations
 v - 2 chunks of flesh


   Skills:
 + Level 2.7 Fighting
 * Level 7.5 Axes
 + Level 3.3 Armour
 + Level 3.3 Shields


You had 5 spell levels left.
You didn't know any spells.
Your spell library was empty.

Dungeon Overview and Level Annotations

Branches:
Dungeon (4/15)
 Temple: D:4-7

Altars:


Innate Abilities, Weirdness & Mutations

You are resistant to damage.
You can heal yourself by infusing magical energy.
You passively map a small area around you.
You do not regenerate.


Message History

The ogre is heavily wounded.
The ogre barely misses you.
You hit the ogre.
The ogre is heavily wounded.
The ogre hits you with a +0 giant spiked club!!
* * * LOW HITPOINT WARNING * * *
Your shield and scale mail prevent you from hitting the ogre.
The ogre is heavily wounded.
You hear the slow hiss of a distant avalanche of sand.
You hit the ogre but do no damage.
The ogre is heavily wounded.
The ogre hits you with a +0 giant spiked club.
* * * LOW HITPOINT WARNING * * *
You slash the ogre!
The ogre is almost dead.
You block the ogre's attack.
You barely miss the ogre.
The ogre is almost dead.
The ogre hits you with a +0 giant spiked club!
You die...

###.. #.(..###
*## #....#.. ..,
* ***#....#.# . ,
** , ,
+....#.#.#* *
####....#.#.##,
,,
,,,#..<..#.#....#
* #.......O<# , *
#.#####.#@#* * *
,, #. , # ### ,,
* ,# , 8 * , , ,
, * , ** * * *
*** , * * *, , *,
, , * * * , *


You could see an ogre.

Vanquished Creatures
  A centaur (D:3)
  5 wights (D:3)
  3 adders (D:3)
  3 leopard geckos
  4 orcs (D:3)
  9 goblins
  6 hobgoblins
  5 quokkas
  4 bats
  5 frilled lizards
  3 kobolds
  6 rats
54 creatures vanquished.

Notes
Turn   | Place    | Note
-------+----------+-------------------------------------------
     0 | D:1      | Elellon the Deep Dwarf Fighter began the quest for the Orb.
     0 | D:1      | Reached XP level 1. HP: 20/20 MP: 1/1
   293 | D:1      | Reached skill level 3 in Axes
   360 | D:1      | Reached XP level 2. HP: 27/27 MP: 2/2
   756 | D:2      | Found a faded altar of an unknown god.
  1146 | D:3      | Reached XP level 3. HP: 23/33 MP: 3/3
  1148 | D:3      | Reached skill level 4 in Axes
  1292 | D:3      | Noticed a centaur
  1301 | D:3      | Killed a centaur
  1301 | D:3      | Reached skill level 5 in Axes
  1301 | D:3      | Reached XP level 4. HP: 16/40 MP: 4/4
  1408 | D:3      | Reached XP level 5. HP: 42/46 MP: 5/5
  1476 | D:3      | Reached skill level 6 in Axes
  1486 | D:3      | Reached skill level 7 in Axes
  1486 | D:3      | Reached XP level 6. HP: 42/55 MP: 6/6
  1907 | D:4      | Slain by an ogre

Levels and vault maps discovered:
D:1:      lightli_arrival_quake, layout_basic, st_stairs_12
D:2:      layout_rooms, chequers_ecumenical_altar_simple_redux
D:3:      layout_basic, roderic_lattice_a, hangedman_feature_mirror
D:4:      layout_basic, amethyst_overflow_temple_binary, first_ration,
          gammafunk_ghost_smash, gup_ossuary_entry_pyramid

Skill      XL: |  1  2  3  4  5 |
---------------+----------------+-----
Axes           | 3 5 7 |  7.5
Fighting       | |  2.7
Armour         | |  3.3
Shields        | |  3.3

Action                   |  1- 3 |  4- 6 || total
-------------------------+-------+-------++-------
Melee: War axe           |    87 |    78 ||   165
 Abil: Heal Wounds       |       |     1 ||     1
  Eat: Chunk             |     1 |     2 ||     3
Armor: Scale mail        |    45 |    23 ||    68
Dodge: Dodged            |    27 |    17 ||    44
Block: Shield            |    44 |    32 ||    76
